Map: Scythe of Amon

Players

raincamp

  • Race: Terran Terran
  • Spawn Location: 5:00

raincamp

  • Race: Zerg Zerg
  • Spawn Location: 5:00

VOD

Have the link to the VOD?

Description

Time

  • Played on: Oct. 26, 2017, 8:25 a.m.
  • Length: 16:07
Show
View Real Time Build Order
Export as new Build Order

raincamp Terran 

Build Orders:  

Get SALT Encoding   

  12  0:25  Supply Depot  
Show
View Real Time Build Order
Export as new Build Order

raincamp Zerg 

Build Orders:  

Get SALT Encoding   

  12  0:07  Drone  
  13  0:12  Drone  
  14  0:25  Overlord  
  14  0:40  Drone, Extractor x2  
  14  0:48  Drone  
  14  0:54  Drone  
  14  0:55  Drone  
  16  1:15  Drone x2  
  16  1:17  Drone x2  
  20  1:27  Drone  
  21  1:45  Drone  
  22  2:00  Roach Warren  
  21  2:27  Lair  
  21  2:30  Drone  
  22  3:21  Spire  
  21  3:39  Spore Crawler, Spine Crawler  
  19  3:40  Spine Crawler  
  19  3:42  Spine Crawler  
  19  3:44  Drone  
  19  3:45  Drone  
  19  4:14  Hatchery  
  18  4:27  Mutalisk  
  20  4:30  Drone x2  
  22  4:46  Infestation Pit  
  22  4:48  Drone  
  22  4:54  Drone  
  23  5:09  Drone x2  
  25  5:13  Mutalisk  
  25  5:25  Mutalisk  
  25  5:28  Drone  
  28  5:34  Extractor  
  28  5:35  Overlord  
  27  5:41  Leviathan  
  27  5:55  Drone  
  28  6:00  Extractor  
  28  6:05  Mutalisk  
  29  6:16  Mutalisk  
  29  6:28  Greater Spire  
  29  6:29  Drone x3  
  32  6:31  Drone x2  
  32  6:32  Drone  
  32  6:33  Drone  
  32  6:35  Overlord  
  36  6:44  Leviathan  
  36  7:10  Mutalisk  
  36  7:17  Hive  
  36  7:38  Leviathan  
  36  7:42  Mutalisk  
  36  7:43  Mutalisk  
  36  7:45  Drone x3  
  36  7:46  Drone  
  36  7:48  Overlord x2  
  44  8:07  Mutalisk x2  
  44  8:25  Devourer x2  
  44  8:31  Drone x2  
  44  8:35  Mutalisk x3  
  52  8:52  Mutalisk x2  
  52  8:54  Mutalisk  
  52  8:55  Mutalisk x2, Zerg Flyer Weapons Level 1  
  56  9:01  Overlord  
  56  9:12  Devourer  
  56  9:13  Devourer x2  
  56  9:20  Mutalisk  
  56  9:21  Mutalisk  
  56  9:38  Devourer  
  56  9:39  Devourer  
  54  9:51  Mutalisk x3  
  54  9:52  Mutalisk  
  62  10:05  Mutalisk x4  
  62  10:18  Mutalisk x2  
  62  10:19  Mutalisk  
  68  10:23  Devourer x4  
  68  10:47  Mutalisk  
  68  10:53  Mutalisk  
  68  10:54  Mutalisk  
  66  11:00  Mutalisk  
  66  11:05  Overlord x3, Devourer  
  66  11:07  Zerg Flyer Weapons Level 2  
  68  11:11  Devourer  
  68  11:12  Devourer  
  68  11:23  Mutalisk  
  68  11:41  Devourer  
  68  12:17  Mutalisk x4  
  68  12:18  Mutalisk  
  76  12:38  Mutalisk x2  
  80  12:41  Mutalisk x5  
  80  12:59  Devourer x5  
  80  13:56  Devourer  
  76  14:06  Leviathan  
Tags
 
Add a new tag
Caveats
  • Supply blocks, unpowered buildings, or Contaminate may cause inaccurate times.
  • Supply counts are checked every 10 seconds.